 Dungeon Crawl Stone Soup version 0.30.0 (webtiles) character file.

Game seed: 10156954668137547119

223678 arghonaut the Frost Mage (level 18, -19/140 HPs)
             Began as a Demonspawn Ice Elementalist on May 20, 2023.
             Was the Champion of Vehumet.
             Demolished by a war gargoyle
             ... wielding a +2 heavy great mace
             ... led by a peacekeeper
              (56 damage)
             ... on level 2 of the Vaults on May 21, 2023.
             The game lasted 02:34:49 (39783 turns).

arghonaut the Frost Mage (DsIE)                    Turns: 39783, Time: 02:34:50

Health: -19/140    AC: 14    Str:  6    XL:     18   Next: 57%
Magic:  0/34       EV: 12    Int: 34    God:    Vehumet [******]
Gold:   612        SH: 13    Dex:  9    Spells: 6/41 levels left

rFire   + + +        i - +5 scimitar (flame)
rCold   + + +        R - +2 kite shield {reflect}
rNeg    + . .        v - +2 robe {rC+ rF+}
rPois   +            L - +2 helmet {SInv}
rElec   .            H - scarf of the Bulwark {+Inv, rF++ rC++ Dex-4}
rCorr   .            Y - +2 pair of gloves {hurl}
SInv    +            (boots unavailable)
Will    +++..        P - amulet of regeneration
Stlth   ++           Z - +9 ring of intelligence
HPRegen 1.23/turn    a - ring "Jecirphacas" {+Blink rPois rN+ Will++ Str-3}
MPRegen 0.48/turn

%: reflection, guardian spirit
@: mighty, freezing walls, studying Dodging
A: hooves 3, icy blue scales 3, powered by pain 1, magic shield, magic
regeneration, corrupting presence 1
}: 1/15 runes: gossamer
a: Renounce Religion, Evoke Blink, Evoke Invisibility


You were on level 2 of the Vaults.
You worshipped Vehumet.
Vehumet was exalted by your worship.
You visited 7 branches of the dungeon, and saw 30 of its levels.
You also visited: Ossuary, Ice Cave and Desolation.

You collected 3928 gold pieces.
You spent 3316 gold pieces at shops.

Inventory:

Hand Weapons
 i - a +5 scimitar of flaming (weapon)
Armour
 l - a +2 pair of gloves
 v - a +2 robe of resistance (worn)
 H - the scarf of the Bulwark (worn) {+Inv, rF++ rC++ Dex-4}
   (You acquired it on level 1 of the Spider Nest)

   Dex:       It affects your dexterity (-4).
   rF:        It greatly protects you from fire.
   rC:        It greatly protects you from cold.
 L - a +2 helmet of see invisible (worn)
 R - a +2 kite shield of reflection (worn)
 Y - a +2 pair of gloves of hurling (worn)
Jewellery
 a - the ring "Jecirphacas" (right hand) {+Blink rPois rN+ Will++ Str-3}
   (You found it in an ice cave)

   [ring of positive energy]

   Str:       It affects your strength (-3).
   rPois:     It protects you from poison.
   rN:        It protects you from negative energy.
   +Blink:    It lets you blink.
   Will:      It greatly increases your willpower.
 F - a ring of willpower
 P - an amulet of regeneration (around neck)
 Z - a +9 ring of intelligence (left hand)
Wands
 g - a wand of roots (18)
 p - a wand of mindburst (11)
 u - a wand of light (11)
 E - a wand of digging (10)
 N - a wand of polymorph (33)
 S - a wand of paralysis (7)
 X - a wand of flame (47)
Scrolls
 c - a scroll of enchant armour
 e - a scroll of enchant weapon
 j - 4 scrolls of blinking
 m - 3 scrolls of torment
 q - 4 scrolls of vulnerability
 s - 7 scrolls of fear
 t - 8 scrolls of fog
 w - 5 scrolls of magic mapping
 y - 7 scrolls of noise
 B - a scroll of immolation
 C - 6 scrolls of poison
 D - 4 scrolls of teleportation
 J - 3 scrolls of silence
 K - 3 scrolls of butterflies
Potions
 b - 2 potions of magic
 f - 7 potions of brilliance
 h - 8 potions of lignification
 k - 4 potions of might
 n - 13 potions of curing
 r - 5 potions of mutation
 x - 3 potions of cancellation
 I - 4 potions of ambrosia
 M - 5 potions of flight
 T - 3 potions of attraction
 U - 5 potions of resistance
 V - a potion of haste
 W - 2 potions of invisibility
Miscellaneous
 d - a condenser vane
 o - a phial of floods
 Q - a lightning rod (4/4)


   Skills:
 - Level 12.0 Fighting
 - Level 8.0 Long Blades
 - Level 8.0 Dodging
 - Level 1.7 Stealth
 + Level 13.0 Shields
 - Level 12.0 Spellcasting
 - Level 12.0 Conjurations
 - Level 4.0 Translocations
 + Level 14.8 Ice Magic
 + Level 9.5 Earth Magic
 - Level 10.0 Evocations


You had 6 spell levels left.
You knew the following spells:

 Your Spells              Type           Power      Damage    Failure   Level
a - Freeze                Ice            100%       1d10      0%          1
b - Frozen Ramparts       Ice            100%       1d16      1%          3
c - Ozocubu's Armour      Ice            88%        N/A       1%          3
d - Foxfire               Conj/Fire      100%       2x1d9     1%          1
e - Blink                 Tloc           94%        N/A       1%          2
f - Freezing Cloud        Conj/Ice/Air   34%        6-21      1%          5
g - Stone Arrow           Conj/Erth      100%       3d13      1%          3
h - Ozocubu's Refrigerat  Ice            44%        4d17      4%          7
i - Iskenderun's Mystic   Conj/Tloc      65%        2d13      1%          4
j - Iron Shot             Conj/Erth      38%        9d8       3%          6

Your spell library contained the following spells:

 Spells                   Type           Power      Damage    Failure   Level
 Maxwell's Capacitive Co  Air            10%        ∞         100%        8
 Chain Lightning          Conj/Air       28%        3d38      100%        9
 Fire Storm               Conj/Fire      28%        8d7       100%        9
 Apportation              Tloc           94%        N/A       1%          1
 Magic Dart               Conj           100%       1d8       1%          1
 Shock                    Conj/Air       100%       1d9       1%          1
 Ensorcelled Hibernation  Hex/Ice        100%       N/A       1%          2
 Lesser Beckoning         Tloc           94%        N/A       1%          2
 Momentum Strike          Conj/Tloc      100%       3d10      1%          2
 Searing Ray              Conj           100%       2d8       1%          2
 Static Discharge         Conj/Air       100%       2-7/arc   1%          2
 Hailstorm                Conj/Ice       84%        3d17      1%          3
 Fulminant Prism          Conj/Hex       28%        3d14      1%          4
 Iskenderun's Battlesphe  Conj           80%        2d13      1%          5
 Ice Form                 Ice/Tmut       63%        N/A       3%          4
 Summon Ice Beast         Ice/Summ       63%        N/A       3%          4
 Necrotise                Necr           80%        1d8       7%          1
 Slow                     Hex            80%        N/A       7%          1
 Portal Projectile        Hex/Tloc       68%        N/A       10%         3
 Animate Armour           Summ/Erth      100%       N/A       10%         4
 Leda's Liquefaction      Hex/Erth       25%        N/A       10%         4
 Airstrike                Air            10%        2d(2-18)  17%         4
 Call Canine Familiar     Summ           20%        N/A       22%         3
 Confusing Touch          Hex            20%        N/A       22%         3
 Spider Form              Tmut/Pois      20%        N/A       22%         3
 Swiftness                Air            20%        N/A       22%         3
 Vampiric Draining        Necr           20%        2d7       22%         3
 Borgnjor's Vile Clutch   Necr/Erth      25%        N/A       28%         5
 Simulacrum               Ice/Necr       31%        N/A       47%         6
 Anguish                  Hex/Necr       10%        N/A       56%         4
 Animate Dead             Necr           20%        N/A       56%         4
 Summon Lightning Spire   Summ/Air       20%        N/A       56%         4
 Agony                    Necr           20%        N/A       89%         5
 Alistair's Intoxication  Tmut/Pois      13%        N/A       89%         5
 Death Channel            Necr           10%        N/A       100%        6
 Spellforged Servitor     Conj/Summ      28%        N/A       75%         7
 Lehudib's Crystal Spear  Conj/Erth      38%        10d9      78%         8
 Polar Vortex             Ice            44%        N/A       98%         9


Dungeon Overview and Level Annotations

Branches:
Dungeon (15/15)            Temple (1/1) D:4            Lair (5/5) D:11
 Shoals (1/4) Lair:2       Spider (4/4) Lair:3        Slime (0/5) Lair:5
    Orc (2/2) D:12            Elf (0/3) Orc:2        Vaults (2/5) D:14
  Crypt (0/3) Vaults:2     Depths (0/4) D:15        Ossuary (visited)
  IceCv (visited)         Desolation (visited)

Altars:
Ashenzari
Cheibriados
Dithmenos
Fedhas
Gozag
Hepliaklqana
Kikubaaqudgha
Makhleb
Nemelex Xobeh
Okawaru
Qazlal
Ru
Sif Muna
Trog
Uskayaw
Vehumet
Wu Jian
Xom
Yredelemnul
Jiyva

Shops:
D:11 =   Orc:2 ((:[[(=:   Vaults:1 *   Vaults:2 [

Portals:
Abyss: D:4

Annotations:
D:4 2 transporters, HillOrc's ghost, amateur HOFi


Innate Abilities, Weirdness & Mutations

You have hooves in place of feet.
You are completely covered in icy blue scales. (AC +4, rC+)
You sometimes gain a little power by taking damage.
When hurt, damage is shared between your health and your magic reserves.
You regenerate magic rapidly.
Your presence sometimes corrodes those you injure.


Message History

Vehumet accepts your kill.
You feel your power returning.
The peacekeeper roars a battlecry!
The war gargoyle goes into a battle-frenzy!
Casting: Iron Shot (dangerous; 3% risk of failure)
Confirm with . or Enter, or press ? or * to list all spells.
Aiming: Iron Shot (dangerous; 3% risk of failure)
Press: ? - help, Shift-Dir - straight line, f - war gargoyle
Aim: a war gargoyle, wielding a +2 heavy great mace (strong, 95% to hit)
The iron shot hits the war gargoyle!!
The war gargoyle is heavily damaged.
Casting: Iron Shot (dangerous; 3% risk of failure)
Confirm with . or Enter, or press ? or * to list all spells.
Aiming: Iron Shot (dangerous; 3% risk of failure)
Press: ? - help, Shift-Dir - straight line, f/p - war gargoyle
Aim: a war gargoyle, wielding a +2 heavy great mace (heavily damaged, strong, 95% to hit)
The iron shot hits the war gargoyle!!
The war gargoyle is almost destroyed.
The war gargoyle launches metal splinters at you.
The spray of metal splinters hits you!!
You focus on the pain.
You feel very mighty all of a sudden. You block the peacekeeper's attack.
The peacekeeper barely misses you.
Casting: Iron Shot (dangerous; 3% risk of failure)
Confirm with . or Enter, or press ? or * to list all spells.
Casting: Frozen Ramparts (safe; 1% risk of failure)
Press: ? - help, Dir - look around, f - activate The walls around you are covered in ice.
The wall freezes the war gargoyle but does no damage.
The war gargoyle hits you with a +2 heavy great mace!!!
The wall freezes the peacekeeper but does no damage.
The peacekeeper bites you!
* * * LOW HITPOINT WARNING * * *
You focus on the pain.
You feel mightier all of a sudden.
The peacekeeper claws you but does no damage.
You completely miss the war gargoyle. Your kick misses the war gargoyle.
The war gargoyle is almost destroyed.
The wall freezes the war gargoyle but does no damage.
The war gargoyle hits you with a +2 heavy great mace!!!
You die...

..........................,,,,,,,
..........................,,,,,,,
.................#########*****,,
....##############,,,,#,,*,,,,*,,
...##*#..* #### *,,,.#,<*,,,,*,,
...#*#..** ##..##*,,..#,,*,,,,*,,
)..##..** ##....##,..#*,,**,,,*,,
)..#..** ##..##.9#...#..,,*,,,*,,
...#.#* ##..####@9...'..,,+,,,*,,
...#.####..## *#.#...#..,,*,,,+,,
...'..##..## **..#...#*,,**,,,*,,
...##....## **..##,...#,,*,,,,*,,
...###..## **..#**,...#,,*,,,,*,,
...#*#### *..#* *,,..#,,*,,,,*,,
....#******###******###********,,
......,,,,,,,,,,,,,,,,,,,,,,,,,,,
###...,,,,,,,,,,,,,,,,,,,,,,,,,,,


You could see a war gargoyle (strong, catching breath) and a peacekeeper.

Vanquished Creatures
  Bai Suzhen (Spider:3)
  Mlioglotl (Spider:2)
  A sphinx (Vaults:1)
  A storm dragon (Vaults:1)
  Kirke (D:12)
  2 emperor scorpions (Spider:4)
  An azure jelly (IceCv)
  3 ghost moths (Spider:4)
  4 vault wardens (Vaults:2)
  2 caustic shrike zombies (D:15)
  6 ironbound preservers
  A very ugly thing (Vaults:1)
  A broodmother (Spider:4)
  2 quicksilver oozes (IceCv)
  2 ironbound thunderhulks
  Nessos (Lair:3)
  Azrael (D:12)
  2 spark wasps
  5 dire elephants
  A crystal guardian (Vaults:2)
  A merfolk javelineer (Shoals:1)
  Josephine (Orc:2)
  8 vault guards (D:14)
  Fannar (Lair:2)
  2 ragged hierophants
  4 yaktaur captains
  3 servants of whispers (Desolation)
  Erolcha (D:13)
  2 hydras
  A catoblepas (Lair:3)
  A great orb of eyes (Vaults:1)
  6 ogre magi
  4 entropy weavers
  A radroach (Spider:4)
  2 ironbound frosthearts
  A satyr (D:14)
  7 death yaks
  2 merfolk avatars
  Erica (D:8)
  2 merfolk aquamancers (Shoals:1)
  25 two-headed ogres
  8 centaur warriors
  8 boulder beetles
  An orc high priest (Orc:1)
  Urug (Orc:1)
  Nergalle (Orc:1)
  Sonja (D:13)
  2 shadow wraiths (D:14)
  10 skeletal warriors
  4 pharaoh ants
  Amaemon (Lair:2)
  2 skysharks
  A titan skeleton (Vaults:2)
  8 orb spiders
  2 necromancers (D:15)
  19 deep trolls (Vaults:1)
  2 phantasmal warriors
  4 steelbarb worms
  9 harpies
  A shadow dragon zombie (D:15)
  A lindwurm (shapeshifter) (Vaults:1)
  6 lindwurms
  A wizard (D:15)
  A deep elf pyromancer (D:14)
  4 ironbound convokers
  An orc knight (D:15)
  23 wolf spiders
  A tengu skeleton (Vaults:2)
  6 manticores
  A sphinx skeleton (Vaults:2)
  11 elephants
  15 ugly things
  6 cyclopes
  2 moths of wrath
  A human skeleton (Vaults:2)
  3 vault sentinels
  3 stone giant skeletons (Vaults:2)
  2 water nymphs (Shoals:1)
  6 demonic crawlers
  2 ice statues (IceCv)
  Maurice (Orc:1)
  A frost giant skeleton (Vaults:2)
  2 fire giant skeletons
  3 black mambas
  A rust devil (D:11)
  A torpor snail (Spider:3)
  13 cane toads
  An orange demon (Lair:2)
  A rime drake (Lair:5)
  2 gargoyles
  20 yaktaurs
  A tengu conjurer (D:14)
  7 komodo dragons
  An ice devil (D:11)
  A merfolk (Shoals:1)
  A red devil (D:11)
  A polar bear (Lair:5)
  A wind drake (Lair:5)
  A yaktaur skeleton (Vaults:2)
  5 meliai
  4 hornets
  Grinder (D:5)
  14 saltlings
  39 tarantellas
  6 trolls
  12 blink frogs
  A blink frog (shapeshifter) (D:14)
  A snapping turtle (Lair:5)
  16 dream sheep
  34 jumping spiders
  Sigmund (D:2)
  2 vampires (D:13)
  18 culicivoras
  3 ettin skeletons (Vaults:2)
  32 slime creatures
  7 wyverns
  3 water elementals (Shoals:1)
  2 shadows
  4 basilisks
  7 wraiths
  2 hogs (D:12)
  20 yaks
  A fire elemental (D:12)
  A chaos spawn (D:11)
  3 steam dragons
  62 redbacks
  7 vampire mosquitoes
  Menkaure (D:7)
  2 acid dragons
  3 wargs
  4 hell hounds (D:12)
  17 orc warriors
  12 water moccasins
  5 black bears
  6 great orb of eyes simulacra (IceCv)
  11 wolves
  29 ogres
  5 boggarts (D:15)
  14 centaurs
  A phantom (D:4)
  3 slime creature simulacra (IceCv)
  2 kobold brigands (D:11)
  6 bullfrogs
  6 glowing shapeshifter simulacra (IceCv)
  A gnoll sergeant (D:9)
  3 scorpions (D:6)
  15 wights
  9 killer bees
  2 electric eels (Spider:1)
  3 howler monkeys
  A quasit (D:11)
  16 orc priests
  3 iguanas (D:6)
  Crazy Yiuf (D:7)
  Terence (D:2)
  24 orc wizards
  3 shapeshifter simulacra (IceCv)
  3 mummies (Ossuary)
  8 gnolls
  14 adders
  2 white imps
  2 ufetubi
  A worm (D:3)
  A dart slug (D:3)
  73 orcs
  6 ball pythons
  6 endoplasms
  5 giant cockroaches
  A gnoll zombie (Ossuary)
  4 goblins
  2 hobgoblins
  3 jackals (D:1)
  12 kobolds
  2 quokkas
  2 bats (D:3)
  2 frilled lizards (D:2)
  4 goblin zombies (Ossuary)
  2 hobgoblin zombies (Ossuary)
  7 rats
  2 foxfires (Spider:1)
1037 creatures vanquished.

Vanquished Creatures (collateral kills)
  11 foxfires
11 creatures vanquished.

Vanquished Creatures (others)
  A torpor snail (Spider:4)
  A human (D:12)
  1342 foxfires
  28 fungi
  61 plants
  15 withered plants (D:15)
1448 creatures vanquished.

Grand Total: 2496 creatures vanquished

Notes
Turn   | Place    | Note
-------+----------+-------------------------------------------
     0 | D:1      | arghonaut the Demonspawn Ice Elementalist began the quest
                  | for the Orb.
     0 | D:1      | Reached XP level 1. HP: 13/13 MP: 3/3
   598 | D:1      | Gained mutation: You are partially covered in icy blue
                  | scales. (AC +2) [demonic ancestry]
   598 | D:1      | Reached XP level 2. HP: 19/19 MP: 0/5
  1212 | D:2      | Found a shimmering altar of Xom.
  1291 | D:2      | Reached skill level 4 in Ice Magic
  1371 | D:2      | Noticed Terence
  1587 | D:3      | Gained mutation: You are mostly covered in icy blue scales.
                  | (AC +3) [demonic ancestry]
  1587 | D:3      | Reached XP level 3. HP: 24/24 MP: 4/7
  1591 | D:3      | Learned a level 3 spell: Frozen Ramparts
  1595 | D:3      | Learned a level 3 spell: Ozocubu's Armour
  1825 | D:2      | Killed Terence
  1922 | D:2      | Noticed Sigmund
  1930 | D:2      | Gained mutation: You regenerate magic rapidly. [demonic
                  | ancestry]
  1930 | D:2      | Reached XP level 4. HP: 14/30 MP: 3/8
  2153 | D:3      | Reached XP level 5. HP: 20/35 MP: 1/10
  2345 | D:2      | Reached skill level 5 in Ice Magic
  2671 | D:2      | Killed Sigmund
  2672 | D:2      | Reached XP level 6. HP: 16/41 MP: 0/12
  3250 | D:3      | Found a broken altar of Ashenzari.
  3404 | D:4      | Found a hide-covered altar of Uskayaw.
  3467 | D:4      | Found the +7 Kryia's mail coat {PotionHeal*2 rC+}
  3470 | D:4      | Found a staircase to the Ecumenical Temple.
  3481 | Temple   | Entered the Ecumenical Temple
  3645 | Temple   | Became a worshipper of Vehumet
  3749 | D:4      | Noticed a small abomination
  3778 | D:4      | Found an ancient bone altar of Kikubaaqudgha.
  3899 | D:4      | Found a transporter.
  3918 | D:4      | Found a transporter.
  3930 | D:4      | Found a one-way gate to the infinite horrors of the Abyss.
  3930 | D:4      | Noticed HillOrc's ghost (amateur HOFi)
  3999 | D:4      | Reached skill level 5 in Spellcasting
  4161 | D:5      | Entered Level 5 of the Dungeon
  4169 | D:5      | Noticed Grinder
  4298 | D:5      | Reached skill level 6 in Ice Magic
  4358 | D:5      | Gained mutation: You sometimes gain a little power by
                  | taking damage. [demonic ancestry]
  4358 | D:5      | Reached XP level 7. HP: 39/46 MP: 12/15
  4670 | D:5      | Paralysed by Grinder for 4 turns
  4706 | D:5      | Killed Grinder
  4707 | D:5      | Reached skill level 7 in Ice Magic
  4707 | D:5      | Gained mutation: You have large cloven feet. [demonic
                  | ancestry]
  4707 | D:5      | Reached XP level 8. HP: 46/52 MP: 12/17
  5158 | D:6      | Reached skill level 8 in Ice Magic
  5158 | D:6      | Reached skill level 1 in Fighting
  5351 | D:6      | Reached * piety under Vehumet
  5351 | D:6      | Offered knowledge of Shock by Vehumet.
  5596 | D:6      | Reached skill level 5 in Fighting
  5664 | D:6      | Found a sparkling altar of Nemelex Xobeh.
  5665 | D:6      | Found a snail-covered altar of Cheibriados.
  5742 | D:6      | Found a hazy altar of Hepliaklqana.
  5764 | D:6      | Reached XP level 9. HP: 59/69 MP: 15/18
  5995 | D:7      | Found an iron altar of Okawaru.
  6058 | D:7      | Noticed Menkaure
  6073 | D:7      | Killed Menkaure
  6617 | D:7      | Reached ** piety under Vehumet
  6617 | D:7      | Offered knowledge of Foxfire by Vehumet.
  6637 | D:7      | Learned a level 1 spell: Foxfire
  7008 | D:7      | Found a runed translucent door.
  7009 | D:7      | Noticed Crazy Yiuf
  7455 | D:7      | Killed Crazy Yiuf
  7554 | D:8      | Found a sand-covered staircase.
  7559 | Ossuary  | Entered an ossuary
  8044 | Ossuary  | Reached skill level 1 in Conjurations
  8334 | D:8      | Reached skill level 5 in Dodging
  8576 | D:8      | Noticed Erica
  8590 | D:8      | Killed Erica
  8591 | D:8      | Reached XP level 10. HP: 80/80 MP: 6/19
  9407 | D:9      | Noticed a two-headed ogre
  9419 | D:9      | Killed a two-headed ogre
  9420 | D:9      | Reached skill level 5 in Conjurations
  9581 | D:9      | Identified the +0 ring mail "Muuriesk" {Str+3 Stlth+}
  9586 | D:9      | Identified the +1 hand axe of the Hand {freeze, rCorr MP+9
                  | Stlth-}
  9668 | D:9      | Found a shimmering altar of Xom.
  9711 | D:9      | Found a shimmering altar of Xom.
  9748 | D:9      | Found a shimmering altar of Xom.
  9749 | D:9      | Found a shimmering altar of Xom.
  9752 | D:9      | Found a shimmering altar of Xom.
 10088 | D:9      | Offered knowledge of Hailstorm by Vehumet.
 10454 | D:10     | Entered Level 10 of the Dungeon
 10461 | D:10     | Reached *** piety under Vehumet
 10462 | D:10     | Reached skill level 1 in Long Blades
 10517 | D:10     | Learned a level 2 spell: Blink
 10521 | D:10     | Learned a level 3 spell: Hailstorm
 10584 | D:10     | Reached skill level 1 in Translocations
 10654 | D:10     | Gained mutation: You have hoof-like feet. [demonic
                  | ancestry]
 10654 | D:10     | Reached XP level 11. HP: 74/86 MP: 13/20
 10831 | D:10     | Noticed a two-headed ogre
 10843 | D:10     | Killed a two-headed ogre
 11163 | D:11     | Offered knowledge of Ignite Poison by Vehumet.
 11172 | D:11     | Noticed a brown ugly thing
 11188 | D:11     | Killed a brown ugly thing
 11320 | D:11     | Noticed a two-headed ogre
 11331 | D:11     | Killed a two-headed ogre
 11332 | D:11     | Reached skill level 5 in Long Blades
 11489 | D:11     | Found Zinnuit's One-of-a-Kind Rings.
 11640 | D:11     | Found a staircase to the Lair.
 11643 | D:11     | Reached **** piety under Vehumet
 11950 | D:11     | Offered knowledge of Dazzling Flash by Vehumet.
 12654 | Lair:1   | Entered Level 1 of the Lair of Beasts
 12859 | Lair:1   | Reached XP level 12. HP: 43/92 MP: 14/22
 13211 | Lair:1   | Reached skill level 1 in Evocations
 13335 | Lair:1   | Reached skill level 9 in Ice Magic
 13815 | Lair:2   | Reached skill level 5 in Evocations
 13873 | Lair:2   | Noticed Amaemon
 13893 | Lair:2   | Killed Amaemon
 14081 | Lair:2   | Found a staircase to the Shoals.
 14081 | Lair:2   | Noticed an eight-headed hydra
 14095 | Lair:2   | Killed an eight-headed hydra
 14255 | Lair:2   | Noticed Fannar
 14280 | Lair:2   | Learned a level 3 spell: Stone Arrow
 14440 | Lair:2   | You are sucked into a shaft and drop 2 floors!
 14950 | Lair:2   | Killed Fannar
 15059 | Lair:3   | Found a hole to the Spider Nest.
 15124 | Lair:3   | Noticed a catoblepas
 15157 | Lair:3   | Killed a catoblepas
 15570 | Lair:3   | Reached ***** piety under Vehumet
 15800 | Lair:3   | Noticed Nessos
 15820 | Lair:3   | Killed Nessos
 15820 | Lair:3   | Offered knowledge of Ozocubu's Refrigeration by Vehumet.
 15829 | Lair:3   | Learned a level 7 spell: Ozocubu's Refrigeration
 15927 | Lair:3   | Reached skill level 10 in Evocations
 16022 | Lair:3   | Reached XP level 13. HP: 79/98 MP: 18/23
 17081 | Lair:5   | Entered Level 5 of the Lair of Beasts
 17337 | Lair:5   | Paralysed by a hornet for 1 turns
 17351 | Lair:5   | Paralysed by a hornet for 1 turns
 17557 | Lair:5   | Found a viscous altar of Jiyva.
 17580 | Lair:5   | Found a staircase to the Slime Pits.
 17656 | Lair:5   | Reached skill level 10 in Ice Magic
 18628 | Lair:5   | Reached skill level 11 in Ice Magic
 18661 | Lair:5   | Got the Vellum of Refrigeration and the Traveller
 19014 | Lair:5   | Reached skill level 10 in Spellcasting
 19493 | D:12     | Gained mutation: Your presence sometimes corrodes those you
                  | injure. [demonic ancestry]
 19493 | D:12     | Reached XP level 14. HP: 85/105 MP: 24/28
 19558 | D:12     | Noticed Azrael
 19578 | D:12     | Killed Azrael
 19579 | D:12     | Reached skill level 12 in Ice Magic
 19904 | D:12     | Found a frozen archway.
 19905 | D:12     | Noticed Kirke
 19914 | D:12     | Killed Kirke
 19930 | IceCv    | Entered an ice cave
 20320 | IceCv    | Noticed a quicksilver ooze
 20328 | IceCv    | Killed a quicksilver ooze
 20348 | IceCv    | Offered knowledge of Conjure Ball Lightning by Vehumet.
 20525 | IceCv    | Found a viscous altar of Jiyva.
 20525 | IceCv    | Noticed an azure jelly
 20535 | IceCv    | Killed an azure jelly
 20571 | IceCv    | Noticed a quicksilver ooze
 20578 | IceCv    | Killed a quicksilver ooze
 20688 | IceCv    | Identified the ring "Jecirphacas" {+Blink rPois rN+ Will++
                  | Str-3}
 21639 | D:12     | Learned a level 4 spell: Iskenderun's Mystic Blast
 21859 | D:12     | Reached skill level 13 in Ice Magic
 21941 | D:12     | Found a staircase to the Orcish Mines.
 22115 | Orc:1    | Entered Level 1 of the Orcish Mines
 22185 | Orc:1    | Noticed Urug
 22199 | Orc:1    | Killed Urug
 22372 | Orc:1    | Noticed Maurice
 22382 | Orc:1    | Killed Maurice
 22524 | Orc:2    | Entered Level 2 of the Orcish Mines
 22524 | Orc:2    | Found a staircase to the Elven Halls.
 22529 | Orc:2    | Offered knowledge of Starburst by Vehumet.
 23369 | Orc:1    | Reached skill level 14 in Ice Magic
 23901 | Orc:2    | Noticed Josephine
 23935 | Orc:2    | Killed Josephine
 23936 | Orc:2    | Gained mutation: You have hooves in place of feet. [demonic
                  | ancestry]
 23936 | Orc:2    | Reached XP level 15. HP: 100/111 MP: 8/29
 23987 | Orc:2    | Found Kumeypt's Antique Weapon Shop.
 24016 | Orc:2    | Found Xohaehoy's Weapon Boutique.
 24069 | Orc:2    | Found Cyedghele's Jewellery Boutique.
 24073 | Orc:2    | Found Keplux's Book Boutique.
 24077 | Orc:2    | Bought an amulet of regeneration for 360 gold pieces
 24156 | Orc:2    | Found Justumiz's Armour Shoppe.
 24156 | Orc:2    | Found Heskas's Book Shop.
 24157 | Orc:2    | Found Ocrurr's Armour Shop.
 24157 | Orc:2    | Found Plog's Weapon Emporium.
 24458 | Orc:1    | Noticed Nergalle
 24470 | Orc:1    | Killed Nergalle
 24749 | Orc:1    | You fall into a shaft and drop 1 floor!
 24956 | D:11     | Bought a +9 ring of intelligence for 1326 gold pieces
 24965 | D:11     | Learned a level 6 spell: Iron Shot
 25312 | D:13     | Noticed Erolcha
 25319 | D:13     | Killed Erolcha
 25622 | D:13     | Found a hide-covered altar of Uskayaw.
 26008 | D:13     | Noticed Sonja
 26013 | D:13     | Killed Sonja
 26124 | D:14     | Reached skill level 10 in Fighting
 26178 | D:14     | Offered knowledge of Freezing Cloud by Vehumet.
 26339 | Lair:1   | Identified a scroll of acquirement
 26339 | Lair:1   | Acquired 968 gold pieces
 26427 | D:14     | Found a gate to the Vaults.
 26879 | D:14     | Learned a level 5 spell: Freezing Cloud
 27158 | D:14     | Reached skill level 1 in Earth Magic
 27232 | D:14     | Found the +5 robe of Night {Dark Will+ SInv}
 27577 | D:15     | Entered Level 15 of the Dungeon
 28096 | D:15     | Found a staircase to the Depths.
 28279 | D:15     | Gained mutation: When hurt, damage is shared between your
                  | health and your magic reserves. [demonic ancestry]
 28279 | D:15     | Reached XP level 16. HP: 106/126 MP: 15/31
 28801 | Orc:2    | Bought a manual of Dodging for 1360 gold pieces
 28966 | Shoals:1 | Entered Level 1 of the Shoals
 29598 | Spider:1 | Entered Level 1 of the Spider Nest
 29607 | Spider:1 | Reached skill level 5 in Earth Magic
 29734 | Spider:1 | Offered knowledge of Irradiate by Vehumet.
 29829 | Spider:1 | Reached skill level 10 in Conjurations
 30948 | Spider:1 | Acquired the scarf of the Bulwark {+Inv, rF++ rC++ Dex-4}
 31357 | Spider:2 | Noticed Mlioglotl
 31835 | Spider:2 | Killed Mlioglotl
 32475 | Spider:2 | Offered knowledge of Plasma Beam by Vehumet.
 32948 | Spider:3 | Noticed Bai Suzhen
 33068 | Spider:3 | Identified the +2 leather armour of Noon {Harm rC++ Str+2}
 33207 | Spider:3 | Reached skill level 1 in Shields
 33739 | Spider:3 | Killed Bai Suzhen
 33740 | Spider:3 | Gained mutation: You are completely covered in icy blue
                  | scales. (AC +4, rC+) [demonic ancestry]
 33740 | Spider:3 | Reached XP level 17. HP: 23/133 MP: 19/33
 33881 | Spider:4 | Entered Level 4 of the Spider Nest
 34305 | Spider:4 | Reached skill level 5 in Shields
 35570 | Spider:4 | Got a gossamer rune of Zot
 35571 | Spider:4 | Identified the +0 pair of boots "Lawn" {rElec Regen+
                  | Stlth+}
 35884 | Vaults:1 | Entered Level 1 of the Vaults
 36005 | Vaults:1 | Reached ****** piety under Vehumet
 36284 | Vaults:1 | Reached skill level 10 in Shields
 36473 | Vaults:1 | Offered knowledge of Ignition by Vehumet.
 37186 | Vaults:1 | Reached XP level 18. HP: 140/140 MP: 31/34
 37451 | Vaults:1 | Found Puakes's General Store.
 37705 | Vaults:2 | Found Waditomp's Antique Armour Shoppe.
 37799 | Vaults:2 | Bought a pair of glowing gloves for 270 gold pieces
 37905 | Vaults:2 | Found a crumbling gateway.
 37989 | Desolati | Entered the Desolation of Salt
 39468 | Vaults:2 | Offered knowledge of Fire Storm by Vehumet.
 39468 | Vaults:2 | Offered knowledge of Chain Lightning by Vehumet.
 39468 | Vaults:2 | Offered knowledge of Maxwell's Capacitive Coupling by
                  | Vehumet.
 39593 | Vaults:2 | Found a staircase to the Crypt.
 39783 | Vaults:2 | Demolished by a war gargoyle

Illustrated notes

Levels and vault maps discovered:
D:1:      amcnicky_arrival_gap_in_the_tavern_cellar, layout_loops_corners
D:2:      layout_basic, basic_altar, uniq_terence, uniq_sigmund
D:3:      layout_rooms, mainiacjoe_overflow_chevrons, st_stairs_4,
          kennysheep_generic_room_13
D:4:      layout_cave_pools, nicolae_overflow_crystal_walls,
          mainiacjoe_overflow_tiny_flanked, minmay_temple_entry_glass,
          gammafunk_ghost_abyssal_escape
D:5:      layout_rooms, uniq_grinder
D:6:      kennysheep_big_flooded_room, layout_rooms,
          chequers_temple_overflow_statue_of_worship, serial_bayou,
          serial_bayou_lagoon_a, serial_bayou_pond_c, serial_bayou_pond_a,
          serial_bayou_ford_a
D:7:      layout_layer_cave, mainiacjoe_overflow_small_starburst, uniq_menkaure,
          uniq_crazy_yiuf_cottage
D:8:      layout_layer_cave, lightli_ossuary_entry_decrepit_ruins, uniq_erica
D:9:      layout_small_grid, xom_redecorated, amethyst_killhole
D:10:     layout_gridville, marbit_many_paths
D:11:     layout_long_grid, minmay_lair_entry_grove, serial_demonic,
          serial_demonic_g, serial_demonic_c, serial_demonic_b,
          serial_demonic_f, nicolae_shop_unique_rings
D:12:     layout_loops_ring, hiddenorc1_lemuel, portal_ice_cave_entry_pillars_1,
          uniq_kirke, uniq_azrael
D:13:     layout_basic, nicolae_uskayaw_en_pointe, uniq_sonja, uniq_erolcha
D:14:     minmay_isolated_rectangles_in_corner, layout_basic, erik_vaults_2,
          nicolae_wwwww, hellmonk_guarded_unrand_night
D:15:     gammafunk_depths_entry_grave, layout_rooms, grunt_decor_fettered,
          minmay_librarian
Temple:   hellmonk_temple_flake
Lair:1:   layout_hall_layers
Lair:2:   layout_long_grid, shoals_dummy_entry, lemuel_fruit_fields,
          uniq_amaemon, uniq_fannar
Lair:3:   layout_roguey, hellmonk_spider_entry_life_and_decay, uniq_nessos
Lair:4:   layout_regular_city
Lair:5:   gammafunk_lair_ancient_temple, layout_small_grid, slime_entry_1,
          infiniplex_staircase_pool
Shoals:1: layout_shoals, nicolae_shoals_cliffside_cave,
          nicolae_shoals_water_shrine
Spider:1: layout_chambers, nicolae_spider_spiderdrome
Spider:2: layout_cave_pods, uniq_mlioglotl
Spider:3: nicolae_spider_mines_3, uniq_bai_suzhen
Spider:4: grunt_spider_rune_parallel
Orc:1:    layout_diamond_mine, uniq_urug, uniq_nergalle, uniq_maurice
Orc:2:    st_orc_ogre_mass, layout_caves, serial_shops,
          nicolae_shop_advertising_works [nicolae_subvault_shop_adworks], shop,
          shop, shop, uniq_josephine
Vaults:1: nicolae_vaults_storage_room_water, nicolae_vaults_house_1,
          vaults_room_stairs_pillars, hangedman_vaults_trim,
          nicolae_vaults_wrenched, nicolae_vaults_whirlpool_walls,
          nicolae_vaults_tetromino_T_1, v_misc_1, vaults_room_corners,
          layout_vaults_quadrants, serial_shops, shop
Vaults:2: portal_desolation_entry_salt, minmay_crypt_entry_skeletal_spiral,
          grunt_vaults_twisty, nicolae_vaults_closet_pinwheel_5,
          nicolae_vaults_diamond_2, ontoclasm_vaults_ring_small,
          hangedman_vaults_restitches, v_misc_29, vaults_dpeg_emergency_exit,
          v_misc_19, nicolae_vaults_variable_pillar_hall_cross,
          layout_vaults_chaotic_city, serial_shops, nicolae_square_shop,
          uniq_donald

Skill      XL: |  1  2  3  4  5  6  7  8  9 10 11 12 13 14 15 16 17 18 |
---------------+-------------------------------------------------------+-----
Ice Magic      | 4 5 6 7 8 9 11 14 | 14.8
Spellcasting   | 3 4 5 6 7 10 11 12 | 12.0
Fighting       | 6 8 11 12 | 12.0
Dodging        | 5 8 |  8.0
Conjurations   | 4 6 8 9 11 12 | 12.0
Long Blades    | 3 8 |  8.0
Translocations | 1 4 |  4.0
Evocations     | 10 | 10.0
Earth Magic    | 4 7 9 |  9.5
Shields        | 3 11 13 | 13.0
Stealth        | |  1.7

Action                     |  1- 3 |  4- 6 |  7- 9 | 10-12 | 13-15 | 16-18 || total
---------------------------+-------+-------+-------+-------+-------+-------++-------
  Melee: Whip              |    21 |       |       |       |       |       ||    21
         Flail             |     3 |    15 |       |       |       |       ||    18
         Dagger            |       |    43 |   243 |   205 |       |       ||   491
         Punch             |       |       |     7 |     4 |     9 |     3 ||    23
         Unarmed           |       |       |     2 |       |       |       ||     2
         Scimitar          |       |       |       |   137 |   515 |   356 ||  1008
         Kick              |       |       |       |       |    59 |   155 ||   214
   Cast: Freeze            |    49 |    54 |     7 |    10 |     4 |       ||   124
         Frozen Ramparts   |       |     7 |    44 |    59 |   115 |    55 ||   280
         Ozocubu's Armour  |       |     3 |    15 |    34 |    82 |    33 ||   167
         Foxfire           |       |       |    27 |   281 |   428 |    74 ||   810
         Blink             |       |       |       |     3 |     5 |       ||     8
         Stone Arrow       |       |       |       |    23 |   247 |   212 ||   482
         Hailstorm         |       |       |       |       |     3 |       ||     3
         Iskenderun's Myst |       |       |       |       |    12 |    15 ||    27
         Ozocubu's Refrige |       |       |       |       |     4 |    78 ||    82
         Freezing Cloud    |       |       |       |       |     4 |    12 ||    16
         Iron Shot         |       |       |       |       |       |   187 ||   187
  Evoke: Wand              |       |       |     2 |       |     4 |       ||     6
         Lightning rod     |       |       |       |       |     5 |     8 ||    13
         Condenser vane    |       |       |       |       |     1 |     2 ||     3
         Phial of floods   |       |       |       |       |       |     1 ||     1
    Use: Potion            |       |     4 |     1 |       |     4 |    13 ||    22
         Scroll            |       |       |     5 |     3 |    11 |    18 ||    37
   Stab: Sleeping          |       |     1 |     1 |     1 |     1 |     1 ||     5
         Held in net/web   |       |       |       |       |       |     1 ||     1
 Armour: Robe              |    21 |    45 |    96 |   230 |   385 |   350 ||  1127
  Dodge: Dodged            |    39 |    82 |   137 |   318 |   618 |   458 ||  1652
  Block: Kite shield       |       |       |       |       |       |   160 ||   160
         Reflection        |       |       |       |       |       |    16 ||    16
